 Dungeon Crawl Stone Soup version 0.31-a0-187-gba352fbbf7 (webtiles) character file.

Game seed: 1025494618012596571

91753 Midn8 the Unseen (level 16, 0/101 HPs)
             Began as a Kobold Enchanter on June 22, 2023.
             Was an Initiate of Jiyva.
             Killed from afar by Frances (40 damage)
             ... with an entropic shot
             ... on level 1 of the Snake Pit on June 23, 2023.
             The game lasted 01:57:54 (33257 turns).

Midn8 the Unseen (Kobold Enchanter)                Turns: 33257, Time: 01:57:54

Health: 0/101      AC: 18    Str:  7    XL:     16   Next: 51%
Magic:  20/28      EV: 21    Int: 23    God:    Jiyva [......]
Gold:   497        SH:  4    Dex: 23    Spells: 7/31 levels left

rFire   . . .        p - +2 dagger (protect)
rCold   . . .        g - +0 buckler
rNeg    . . .        L - +2 robe {Archmagi}
rPois   .            Q - +3 crown of Dyrovepreva {rElec Int+2 SInv}
rElec   +            A - +2 cloak
rCorr   .            m - +1 pair of gloves
SInv    +            b - +1 pair of boots
Will    +....        U - amulet of magic regeneration
Stlth   ++++++++     R - +6 ring of dexterity
HPRegen 0.36/turn    q - +4 ring of protection
MPRegen 0.61/turn

%: archmagi
@: about to teleport, constricted
A: small, no large weapons, nightstalker 3
a: Renounce Religion


You were on level 1 of the Snake Pit.
You worshipped Jiyva.
Jiyva was noncommittal.
You visited 5 branches of the dungeon, and saw 24 of its levels.
You also visited: Gauntlet.

You collected 2527 gold pieces.
You spent 2030 gold pieces at shops.

Inventory:

Hand Weapons
 p - a +2 dagger of protection (weapon)
 u - the +9 long sword of Gozag, Sheltering {venom, *Corrode rPois rN+}
   (You found it on level 5 of the Dungeon)

   rPois:     It protects you from poison.
   rN:        It protects you from negative energy.
   *Corrode:  It may corrode you when you take damage.
 w - a +2 rapier of venom
 x - a +4 dagger
Missiles
 e - 6 curare-tipped darts
 s - 5 throwing nets
 C - 31 poisoned darts (quivered)
 X - 7 atropa-tipped darts
Armour
 b - a +1 pair of boots (worn)
 g - a +0 buckler (worn)
 m - a +1 pair of gloves (worn)
 A - a +2 cloak (worn)
 L - a +2 robe of the Archmagi (worn)
 Q - the +3 crown of Dyrovepreva (worn) {rElec Int+2 SInv}
   (You bought it in a shop on level 2 of the Orcish Mines)

   Int:       It affects your intelligence (+2).
   rElec:     It insulates you from electricity.
   SInv:      It lets you see invisible.
Magical Staves
 B - a staff of air
Jewellery
 k - a +6 ring of intelligence
 q - a +4 ring of protection (right hand)
 I - the ring "Byasofedgh" {rPois EV+5}
   (You found it on level 10 of the Dungeon)

   [ring of evasion]

   EV:        It affects your evasion (+5).
   rPois:     It protects you from poison.
 R - a +6 ring of dexterity (left hand)
 U - an amulet of magic regeneration (around neck)
 Y - an amulet of guardian spirit
Wands
 a - a wand of digging (13)
 l - a wand of flame (42)
 o - a wand of paralysis (24)
 y - a wand of polymorph (5)
 J - a wand of mindburst (17)
 T - a wand of roots (12)
Scrolls
 h - 3 scrolls of amnesia
 i - a scroll of summoning
 E - 3 scrolls of teleportation
 F - 6 scrolls of enchant weapon
 G - 5 scrolls of blinking
 H - 3 scrolls of revelation
 N - a scroll of fear
 S - a scroll of silence
 V - 2 scrolls of fog
 W - 6 scrolls of identify
Potions
 c - 2 potions of invisibility
 d - 9 potions of curing
 f - 3 potions of haste
 j - 9 potions of mutation
 n - 3 potions of might
 r - 2 potions of attraction
 t - a potion of lignification
 v - 4 potions of brilliance
 z - 3 potions of heal wounds
 M - a potion of berserk rage
 P - 3 potions of magic
Miscellaneous
 D - a piece from Xom's chessboard (15/15)
 K - a condenser vane
 O - a sack of spiders
 Z - a phantom mirror


   Skills:
 - Level 12.0 Fighting
 - Level 10.0 Short Blades
 - Level 12.0 Dodging
 - Level 17.0 Stealth
 - Level 8.0 Spellcasting
 + Level 5.6 Conjurations
 - Level 8.0 Hexes
 - Level 3.0 Translocations
 + Level 7.7 Fire Magic
 - Level 8.0 Ice Magic
 - Level 3.0 Air Magic
 - Level 10.0 Invocations
 - Level 8.0 Evocations


You had 7 spell levels left.
You knew the following spells:

 Your Spells              Type           Power      Damage    Failure   Level
a - Ensorcelled Hibernat  Hex/Ice        100%       N/A       1%          2
b - Volatile Blastmotes   Fire/Tloc      100%       2d18      3%          3
c - Confusing Touch       Hex            62%        N/A       1%          3
d - Tukima's Dance        Hex            62%        N/A       1%          3
e - Dazzling Flash        Conj/Hex       100%       N/A       2%          3
f - Fireball              Conj/Fire      28%        3d12      21%         5
B - Blink                 Tloc           68%        N/A       4%          2
S - Swiftness             Air            34%        N/A       10%         3

Your spell library contained the following spells:

 Spells                   Type           Power      Damage    Failure   Level
 Foxfire                  Conj/Fire      100%       2x1d9     1%          1
 Magic Dart               Conj           100%       1d8       1%          1
 Frozen Ramparts          Ice            100%       1d16      1%          3
 Apportation              Tloc           68%        N/A       3%          1
 Momentum Strike          Conj/Tloc      86%        3d10      3%          2
 Lesser Beckoning         Tloc           68%        N/A       4%          2
 Summon Guardian Golem    Hex/Summ       41%        N/A       7%          3
 Mephitic Cloud           Conj/Pois/Air  33%        N/A       11%         3
 Stone Arrow              Conj/Erth      66%        3d11      11%         3
 Necrotise                Necr           52%        1d6       12%         1
 Sandblast                Erth           26%        2d8       12%         1
 Summon Small Mammal      Summ           52%        N/A       12%         1
 Call Imp                 Summ           26%        N/A       17%         2
 Passwall                 Tmut/Erth      10%        N/A       17%         2
 Iskenderun's Mystic Bla  Conj/Tloc      43%        2d10      21%         4
 Ice Form                 Ice/Tmut       41%        N/A       22%         4
 Summon Ice Beast         Ice/Summ       41%        N/A       22%         4
 Passage of Golubria      Tloc           34%        N/A       32%         4
 Silence                  Hex/Air        25%        N/A       32%         5
 Call Canine Familiar     Summ           13%        N/A       34%         3
 Yara's Violent Unravell  Hex/Tmut       20%        3d9       52%         5
 Olgreb's Toxic Radiance  Pois           13%        N/A       75%         4
 Starburst                Conj/Fire      28%        6d9       75%         6
 Plasma Beam              Fire/Air       25%        2x1d37    89%         6
 Agony                    Necr           13%        N/A       97%         5
 Discord                  Hex            31%        N/A       100%        8
 Ignition                 Fire           30%        3d10      100%        8
 Chain Lightning          Conj/Air       21%        3d28      100%        9
 Fire Storm               Conj/Fire      28%        8d7       100%        9
 Shatter                  Erth           6%         3d9*      100%        9


Dungeon Overview and Level Annotations

Branches:
Dungeon (15/15)            Temple (1/1) D:7            Lair (5/5) D:8
 Shoals (0/4) Lair:2        Snake (1/4) Lair:2        Slime (0/5) Lair:5
    Orc (2/2) D:10            Elf (0/3) Orc:2        Vaults (0/5) D:13
Gauntlet (visited)
 Depths: D:15

Altars:
Ashenzari
Cheibriados
Dithmenos
Elyvilon
Fedhas
Gozag
Hepliaklqana
Kikubaaqudgha
Makhleb
Nemelex Xobeh
Okawaru
Qazlal
Ru
Sif Muna
Trog
Uskayaw
Vehumet
Wu Jian
Xom
Yredelemnul
Zin
The Shining One
Jiyva

Shops:
D:2 (   D:9 ?   D:10 *(?*   D:11 =   Orc:2 =*[(   Snake:1 *

Annotations:
D:4 1 runed translucent door
D:7 3 runed translucent doors
D:8 3 runed translucent doors, Starbright's ghost, novice OpCj
D:10 1 transporter
D:14 Kirke
Lair:3 1 runed translucent door
Snake:1 Frances
Orc:1 1 runed translucent door
Orc:2 2 exclusions


Innate Abilities, Weirdness & Mutations

You are small and have problems with some larger weapons.
You are completely attuned to the shadows.


Message History

The splash of poison misses you.
The splash of poison hits Frances.
Casting: Ensorcelled Hibernation (safe; 1% risk of failure)
Confirm with . or Enter, or press ? or * to list all spells.
Aiming: Ensorcelled Hibernation (safe; 1% risk of failure)
Press: ? - help, Shift-Dir - straight line, f/p - Frances
Aim: Frances, wielding a +0 trident and wearing a +0 scale mail of poison resistance (lightly wounded, fast, chance to affect: 10%)
You feel a surge of power!
Frances resists with almost no effort.
You feel sick. Frances misses you. The naga completely misses you. x2
You block Frances's attack.
Casting: Ensorcelled Hibernation (safe; 1% risk of failure)
Confirm with . or Enter, or press ? or * to list all spells.
Aiming: Ensorcelled Hibernation (safe; 1% risk of failure)
Press: ? - help, Shift-Dir - straight line, f/p - Frances
Aim: Frances, wielding a +0 trident and wearing a +0 scale mail of poison resistance (fast, chance to affect: 10%)
You feel a surge of power!
Frances resists with almost no effort.
You feel sick. Frances closely misses you. The naga misses you.
The naga grabs you. The naga constricts you.
Casting: Ensorcelled Hibernation (safe; 1% risk of failure)
Confirm with . or Enter, or press ? or * to list all spells.
Aiming: Ensorcelled Hibernation (safe; 1% risk of failure)
Press: ? - help, Shift-Dir - straight line, f/p - Frances
Aim: Frances, wielding a +0 trident and wearing a +0 scale mail of poison resistance (fast, chance to affect: 10%)
You feel a surge of power!
Frances resists with almost no effort.
You feel sick. Frances completely misses you. You block the naga's attack.
The naga constricts you. Frances hits you with a +0 trident!!
As you read the scroll of teleportation, it crumbles to dust.
You feel strangely unstable.
You feel sick.
You are no longer poisoned.
Frances hits you with a +0 trident. The naga closely misses you.
The naga constricts you.
Unknown command.
The naga's grasp on you weakens, but your attempt to escape fails.
Frances screams a word of power!
The entropic shot misses you.
The entropic shot hits the naga!!
The naga spits poison at you. The splash of poison misses you.
The splash of poison hits Frances.
Frances is poisoned.
The naga constricts you.
Frances whispers indecipherable words.
The entropic shot hits you!!!
You die...

#>.N..N...†..............#.##..
#######........#...#'#..##.##..
#........#.###.##.##.##..
#........#.....##..#.##..
#...........#####........
#...........#####....#...
#....................##.#
#########.......@#.##########....
.......##.......@#.# ......)..#.
.......#........N#.# ....<#).#..
.......#......[#.#.# #######...∩
.......#.......#.#.. .....#..
.......#.......#[####### ###...#.
.......#...[..)#.[...... ##....
.......#.......###...... ##.#.
.......#.......# #......
...............# #....>.


You could see Frances (fast, poisoned) and a naga (catching breath).

Vanquished Creatures
  2 orc warlords
  3 hydras
  An ogre mage (D:13)
  3 centaur warriors
  2 boulder beetles
  A death knight (D:14)
  6 two-headed ogres
  2 anacondas (Snake:1)
  A tengu warrior (D:12)
  4 orc high priests (Orc:2)
  A naga warrior (Snake:1)
  3 naga sharpshooters (Snake:1)
  A shock serpent (Snake:1)
  4 skeletal warriors
  A fire crab (Lair:5)
  A skyshark (Lair:5)
  A lindwurm (Lair:5)
  A phantasmal warrior (D:14)
  6 orc sorcerers (Orc:2)
  4 orc knights
  3 mana vipers (Snake:1)
  A frost giant zombie (D:15)
  5 deep elf pyromancers
  4 ugly things
  2 manticores
  7 elephants (Lair:4)
  3 cyclopes
  A salamander (Snake:1)
  2 merfolk sirens (Lair:2)
  A guardian serpent (Snake:1)
  3 centaur skeletons (D:13)
  10 black mambas
  7 naga magi
  10 cane toads
  A gargoyle (D:13)
  2 unseen horrors
  2 rime drakes
  A kobold demonologist (D:12)
  5 komodo dragons
  A tengu conjurer (D:15)
  3 freezing wraiths (D:14)
  4 yaktaurs (D:13)
  5 trolls
  3 hornets
  5 polar bears
  12 blink frogs
  14 dream sheep
  12 spriggans (Lair:5)
  11 slime creatures
  2 wyverns
  33 yaks
  2 hogs (D:14)
  4 basilisks
  4 steam dragons
  7 wraiths
  3 vampire mosquitoes (D:13)
  4 wargs
  3 acid dragons
  9 nagas
  10 water moccasins
  39 orc warriors
  A sky beast (D:7)
  6 black bears
  3 boggarts (Lair:5)
  10 ogres
  A phantom (D:6)
  15 wolves
  9 centaurs
  A kobold brigand (D:9)
  15 bullfrogs
  2 gnoll sergeants
  3 scorpions
  6 wights
  23 killer bees
  10 electric eels
  3 howler monkeys
  A jelly (D:6)
  Crazy Yiuf (D:6)
  6 gnoll boudas
  21 orc priests
  8 hounds
  A sleepcap (D:8)
  25 orc wizards
  3 iguanas
  7 hell rats (Lair:1)
  A boggart skeleton (D:13)
  34 gnolls
  5 adders
  A shadow imp (D:5)
  A white imp (D:7)
  A worm (D:2)
  The ghost of rinse the Sneak, a weakling KoDe (D:5)
  8 dart slugs
  76 orcs
  4 bats
  9 endoplasms
  4 giant cockroaches
  4 goblins
  6 hobgoblins
  4 jackals (D:1)
  7 quokkas
  6 ball pythons
  5 frilled lizards
  18 kobolds
  7 rats
691 creatures vanquished.

Vanquished Creatures (collateral kills)
  Gastronok (Lair:2)
  An orc priest (D:9)
  2 orcs (D:9)
4 creatures vanquished.

Vanquished Creatures (others)
  A tengu warrior (D:14)
  2 elephants (Lair:4)
  A dancing weapon (D:9)
  A wolf (Lair:5)
  A kobold brigand (D:8)
  3 killer bees
  6 jellies (Snake:1)
  2 hounds (D:8)
  A kobold (D:8)
18 creatures vanquished.

Grand Total: 713 creatures vanquished

Notes
Turn   | Place    | Note
-------+----------+-------------------------------------------
     0 | D:1      | Midn8 the Kobold Enchanter began the quest for the Orb.
     0 | D:1      | Reached XP level 1. HP: 10/10 MP: 3/3
   118 | D:1      | Reached XP level 2. HP: 15/15 MP: 5/5
   134 | D:1      | Learned a level 2 spell: Ensorcelled Hibernation
   268 | D:1      | Reached XP level 3. HP: 19/19 MP: 7/7
   900 | D:1      | Learned a level 3 spell: Confusing Touch
   956 | D:2      | Found a white marble altar of Elyvilon.
   961 | D:2      | Reached XP level 4. HP: 24/24 MP: 2/10
   966 | D:2      | Became a worshipper of Elyvilon the Healer
  1040 | D:2      | Reached skill level 1 in Ice Magic
  1671 | D:2      | Reached * piety under Elyvilon
  1899 | D:2      | Found Possat's Antique Weapon Shoppe.
  2264 | D:3      | Reached ** piety under Elyvilon
  2266 | D:3      | Found a faded altar of an unknown god.
  2409 | D:3      | Reached XP level 5. HP: 28/28 MP: 11/11
  2955 | D:3      | Found a burning altar of Makhleb.
  2955 | D:3      | Found a blossoming altar of Fedhas.
  2960 | D:3      | Found a sacrificial altar of Ru.
  3106 | D:4      | Reached skill level 5 in Stealth
  3381 | D:4      | Found a runed translucent door.
  3465 | D:4      | Reached *** piety under Elyvilon
  3527 | D:4      | Found a radiant altar of Vehumet.
  3530 | D:4      | Reached skill level 6 in Stealth
  3853 | D:4      | Noticed a bullfrog
  3872 | D:5      | Entered Level 5 of the Dungeon
  3879 | D:5      | Reached XP level 6. HP: 31/32 MP: 7/12
  3976 | D:4      | Reached skill level 7 in Stealth
  4195 | D:5      | Reached skill level 8 in Stealth
  4195 | D:5      | Reached skill level 1 in Invocations
  4265 | D:5      | Noticed a black bear
  4268 | D:5      | Killed a black bear
  4269 | D:5      | Reached XP level 7. HP: 36/36 MP: 13/13
  4441 | D:5      | Reached skill level 1 in Fighting
  4552 | D:5      | Noticed rinse's ghost (weakling KoDe)
  4612 | D:5      | Found a runed translucent door.
  4796 | D:5      | Found an opulent altar of Gozag.
  4905 | D:5      | HP: 2/41 [ogre/+0 giant spiked club (6)]
  4917 | D:5      | Reached XP level 8. HP: 5/46 MP: 11/14
  5215 | D:5      | Reached skill level 5 in Short Blades
  5259 | D:5      | Identified the +9 long sword of Gozag, Sheltering {venom,
                  | *Corrode rPois rN+}
  5282 | D:5      | Found a basalt altar of Yredelemnul.
  5299 | D:5      | Reached **** piety under Elyvilon
  5646 | D:6      | Found a broken altar of Ashenzari.
  5834 | D:6      | Reached skill level 5 in Dodging
  5888 | D:6      | Reached XP level 9. HP: 50/50 MP: 15/15
  6126 | D:6      | Found a runed translucent door.
  6129 | D:6      | Noticed Crazy Yiuf
  6134 | D:6      | Killed Crazy Yiuf
  6135 | D:6      | Reached skill level 5 in Hexes
  6677 | D:7      | Found a staircase to the Ecumenical Temple.
  6683 | Temple   | Entered the Ecumenical Temple
  6954 | D:7      | Reached skill level 5 in Invocations
  7031 | D:7      | Learned a level 3 spell: Tukima's Dance
  7035 | D:7      | Learned a level 3 spell: Dazzling Flash
  7053 | D:7      | Found a runed translucent gate.
  7054 | D:7      | Found a runed translucent gate.
  7056 | D:7      | Found a runed translucent gate.
  7217 | D:7      | Reached ***** piety under Elyvilon
  7369 | D:7      | Reached skill level 9 in Stealth
  7434 | D:7      | Found a shimmering blue altar of Sif Muna.
  7489 | D:7      | Reached skill level 10 in Stealth
  7623 | D:7      | Reached XP level 10. HP: 54/56 MP: 11/16
  8155 | D:7      | Found a bloodstained altar of Trog.
  8256 | D:7      | Found a shadowy altar of Dithmenos.
  8265 | D:7      | Found an ancient bone altar of Kikubaaqudgha.
  8482 | D:8      | Reached skill level 11 in Stealth
  8486 | D:8      | Found a staircase to the Lair.
  8514 | D:8      | Reached skill level 12 in Stealth
  8623 | D:8      | Noticed Starbright's ghost (novice OpCj)
  8626 | D:8      | Found a runed translucent gate.
  8627 | D:8      | Found a runed translucent gate.
  8635 | D:8      | Found a runed translucent gate.
  8653 | D:8      | Noticed a two-headed ogre
  8657 | D:8      | Killed a two-headed ogre
  8658 | D:8      | Reached skill level 5 in Fighting
  9811 | D:8      | Found a shimmering altar of Xom.
 10347 | D:9      | Reached XP level 11. HP: 62/64 MP: 14/17
 10578 | D:8      | Upgraded the game from 0.31-a0-182-gc5ef74bbde to
                  | 0.31-a0-187-gba352fbbf7
 11204 | D:9      | Found Weorch's Magic Scroll Emporium.
 11210 | D:9      | Bought a scroll of enchant weapon for 82 gold pieces
 11210 | D:9      | Bought a scroll of blinking for 82 gold pieces
 11210 | D:9      | Bought a scroll of enchant weapon for 82 gold pieces
 11210 | D:9      | Bought a scroll of teleportation for 33 gold pieces
 11211 | D:9      | Bought a scroll of identify for 22 gold pieces
 11358 | D:9      | Noticed a two-headed ogre
 11382 | D:9      | Killed a two-headed ogre
 11625 | D:10     | Entered Level 10 of the Dungeon
 11710 | D:10     | Found Lami's General Store.
 11712 | D:10     | Reached skill level 5 in Ice Magic
 11797 | D:10     | Bought a scroll of identify for 22 gold pieces
 11899 | D:10     | Found a staircase to the Orcish Mines.
 11904 | D:10     | Found Alolesk's Weapon Emporium.
 11999 | D:10     | Noticed a cyclops
 12002 | D:10     | Noticed a cyclops
 12017 | D:10     | Noticed a centaur warrior
 12022 | D:10     | Killed a centaur warrior
 12062 | D:10     | Noticed a cyan ugly thing
 12067 | D:10     | Killed a cyclops
 12068 | D:10     | Pacified a cyan ugly thing
 12125 | D:10     | Noticed a deep elf pyromancer
 12131 | D:10     | Identified the ring "Byasofedgh" {rPois EV+5}
 12141 | D:10     | Noticed a deep elf pyromancer
 12147 | D:10     | Killed a deep elf pyromancer
 12152 | D:10     | Killed a deep elf pyromancer
 12159 | D:10     | Noticed a manticore
 12316 | Lair:1   | Entered Level 1 of the Lair of Beasts
 12539 | Lair:1   | Reached skill level 10 in Short Blades
 12540 | Lair:1   | Reached XP level 12. HP: 70/70 MP: 18/18
 12593 | Lair:1   | Reached skill level 13 in Stealth
 13137 | Lair:1   | Noticed a boulder beetle
 13142 | Lair:1   | Killed a boulder beetle
 13143 | Lair:1   | Reached skill level 14 in Stealth
 13181 | Lair:1   | Reached skill level 15 in Stealth
 14070 | Lair:2   | Reached skill level 16 in Stealth
 14346 | Lair:2   | Noticed Gastronok
 14360 | Lair:2   | Killed Gastronok
 14361 | Lair:2   | Reached skill level 17 in Stealth
 14416 | Lair:2   | Found a staircase to the Snake Pit.
 14590 | Lair:2   | Reached XP level 13. HP: 77/77 MP: 14/19
 14958 | Lair:2   | Found a staircase to the Shoals.
 16138 | Lair:3   | Found a bloodstained altar of Trog.
 16209 | Lair:3   | Found a runed translucent door.
 16434 | Lair:3   | Noticed a six-headed hydra
 16438 | Lair:3   | Killed a six-headed hydra
 16439 | Lair:3   | Reached skill level 10 in Dodging
 16741 | Lair:3   | Reached ****** piety under Elyvilon
 17052 | Lair:4   | Found a gate leading to a gauntlet.
 17408 | Lair:4   | Reached skill level 10 in Fighting
 17431 | Gauntlet | Entered a Gauntlet
 17431 | Gauntlet | Found a transporter.
 17444 | Gauntlet | Found a transporter.
 17449 | Gauntlet | Found a runed translucent door.
 17456 | Gauntlet | Found a transporter.
 17474 | Gauntlet | Found a transporter.
 17486 | Gauntlet | Found a transporter.
 17491 | Gauntlet | Found a runed translucent door.
 17501 | Gauntlet | Found a transporter.
 17502 | Gauntlet | Found a runed translucent door.
 17532 | Gauntlet | Found a transporter.
 17532 | Gauntlet | Found a transporter.
 17547 | Gauntlet | Found a runed translucent door.
 17597 | Lair:4   | You fall into a shaft and drop 1 floor!
 17597 | Lair:5   | Entered Level 5 of the Lair of Beasts
 17652 | Lair:5   | Noticed a catoblepas
 17832 | Lair:5   | Found a staircase to the Slime Pits.
 17832 | Lair:5   | Found a viscous altar of Jiyva.
 18201 | Lair:4   | Noticed a seven-headed hydra
 18205 | Lair:4   | Killed a seven-headed hydra
 18364 | Lair:4   | Reached skill level 10 in Invocations
 18646 | Lair:5   | Noticed a four-headed hydra
 18649 | Lair:5   | Killed a four-headed hydra
 18671 | Lair:5   | Reached XP level 14. HP: 78/88 MP: 16/21
 19164 | Lair:5   | Paralysed by a hornet for 2 turns
 21126 | D:9      | Bought a scroll of brand weapon for 104 gold pieces
 21395 | D:10     | Found a glowing golden altar of the Shining One.
 21441 | D:10     | Found a transporter.
 21660 | D:10     | Found Ufuimipra's General Store.
 21696 | D:10     | Found Uqethul's Magic Scroll Shop.
 21700 | D:10     | Bought a scroll of summoning for 161 gold pieces
 21700 | D:10     | Bought a scroll of blinking for 127 gold pieces
 21892 | D:10     | Found a hide-covered altar of Uskayaw.
 21892 | D:10     | Found a glowing silver altar of Zin.
 21893 | D:10     | Found a stormy altar of Qazlal.
 22070 | D:5      | Killed rinse's ghost
 22806 | D:11     | Found Fulasy's Jewellery Boutique.
 22811 | D:11     | Bought an amulet of magic regeneration for 450 gold pieces
 22951 | D:11     | Learned a level 3 spell: Swiftness
 22955 | D:11     | Learned a level 2 spell: Blink
 22959 | D:11     | Learned a level 3 spell: Volatile Blastmotes
 23560 | D:12     | Reached skill level 5 in Spellcasting
 24370 | D:12     | Reached skill level 1 in Air Magic
 24943 | D:12     | Reached XP level 15. HP: 75/96 MP: 24/24
 25201 | D:13     | Reached skill level 1 in Translocations
 25201 | D:13     | Reached skill level 1 in Fire Magic
 25605 | D:13     | Found a gate to the Vaults.
 26100 | D:13     | Reached skill level 5 in Fire Magic
 26832 | D:14     | Noticed Kirke
 27371 | D:14     | Reached skill level 1 in Evocations
 28192 | D:15     | Entered Level 15 of the Dungeon
 28479 | Orc:1    | Entered Level 1 of the Orcish Mines
 28485 | Orc:1    | Noticed an orc warlord
 28537 | Orc:1    | Reached skill level 5 in Evocations
 28567 | D:10     | Killed an orc warlord
 29091 | Orc:1    | Found a runed translucent door.
 29094 | Orc:1    | Noticed a balrug
 29256 | Orc:2    | Entered Level 2 of the Orcish Mines
 29256 | Orc:2    | Found a staircase to the Elven Halls.
 30334 | Orc:2    | Noticed an orc warlord
 30527 | Orc:2    | Killed an orc warlord
 30565 | Orc:2    | Reached skill level 1 in Conjurations
 30565 | Orc:2    | Reached XP level 16. HP: 99/101 MP: 26/28
 30757 | Orc:2    | Learned a level 5 spell: Fireball
 31678 | Orc:2    | Found Ketuxeh's General Store.
 31678 | Orc:2    | Found Mykuts's Jewellery Emporium.
 31687 | Orc:2    | Found Tigidete's Antique Armour Shoppe.
 31688 | Orc:2    | Found Loduwo's Antique Weapon Shoppe.
 31769 | Orc:2    | Bought a runed rapier for 203 gold pieces
 31786 | Orc:2    | Bought the +3 crown of Dyrovepreva {rElec Int+2 SInv} for
                  | 662 gold pieces
 31786 | Orc:2    | Found the +3 crown of Dyrovepreva {rElec Int+2 SInv}
 32056 | Lair:5   | Fell from the grace of Elyvilon
 32056 | Lair:5   | Became a worshipper of Jiyva Junineb the Shapeless
 32123 | Snake:1  | Entered Level 1 of the Snake Pit
 32125 | Snake:1  | Found Imockael's Overcharged Wands.
 32755 | Snake:1  | Reached skill level 5 in Conjurations
 33246 | Snake:1  | Noticed Frances
 33257 | Snake:1  | Killed from afar by Frances

Illustrated notes

Levels and vault maps discovered:
D:1:      spicycebolla_green_bress_n_ham_2, layout_basic, hangedman_decor_push,
          minmay_3d_cube
D:2:      layout_basic, serial_shops, shop, basic_altar,
          chequers_serial_rivers_marsh, hangedman_abyss_or_decor_lesser_grid
D:3:      layout_basic, gammafunk_temple_overflow_forgotten,
          ebering_ecumenical_altar_box, kennysheep_minor_cross,
          minmay_close_crescents
D:4:      layout_cave_pools, vehumet_altar_wand_db, ebering_ghost_sewer_d
D:5:      layout_loops_cross, mainiacjoe_overflow_chevrons, grunt_gozag_statues,
          hellmonk_ghost_happy_afterlife, st_stairs_7,
          eino_small_chamber_without_monster, chequers_mini_garden
D:6:      layout_loops_ring, ashenzari_conservatory_becter,
          uniq_crazy_yiuf_cottage
D:7:      layout_gridville, mainiacjoe_overflow_swirl,
          kennysheep_orc_sif_temple, mainiacjoe_overflow_cross_hatched,
          minmay_temple_entry_large_hall, gammafunk_ghost_icy,
          chequers_serial_rivers_micro_e
D:8:      layout_loops_ring, mainiacjoe_overflow_alcove_4, erik_lair_island,
          biasface_ghost_orc_armoury
D:9:      layout_basic, serial_shops, shop, st_stairs_10
D:10:     minmay_cut_squares, layout_loops_ring, mainiacjoe_overflow_alcove_1,
          gammafunk_temple_overflow_claw, orc_david_3, serial_shops,
          nicolae_shop_tiny_real_fake_doors, nicolae_shop_getting_attention,
          nicolae_stop_n_shop_2, hangedman_decor_growths, nicolae_diode_basic
D:11:     layout_irregular_city, serial_shops, shop
D:12:     layout_stronghold, st_stairs_14, disabler_island
D:13:     layout_irregular_city, hangedman_vaults_entry_quadrant_bands,
          minmay_puff
D:14:     layout_loops_corners, reono_crystal_passage, uniq_kirke
D:15:     gammafunk_depths_entry_grave, layout_irregular_city,
          muffindrake_ghost_dual_entry, minmay_misc_feat_nine_boxes,
          portal_ice_cave_entry_ice_statue_one
Temple:   nicolae_temple_ecumenical_triangle
Lair:1:   layout_concentric_octagons, dreamdust_gnoll_shepherd,
          grunt_megastairs_2, infiniplex_staircase_pool_2
Lair:2:   layout_layer_cave, elwin_shoals_entry_rooms,
          minmay_snake_entry_guardpost_small, serial_bayou_ford_a,
          serial_bayou_crossing, grunt_megastairs_3, uniq_gastronok
Lair:3:   layout_chaotic_city, basic_altar, pf_torpor_hydra, grunt_megastairs_4
Lair:4:   layout_loops_ring, gauntlet_entry_generic,
          lightli_volcano_entry_magma_tube
Lair:5:   minmay_lair_end_enchanted_forest, layout_regular_city, slime_entry_1
Snake:1:  layout_basic, nicolae_shop_overcharged_wands, serial_bayou_shore_b,
          uniq_roxanne, uniq_frances
Orc:1:    dreamdust_dug_too_deep, layout_caves
Orc:2:    st_orc_congregation, layout_caves, statue_in_the_mist_lemuel

Skill      XL: |  1  2  3  4  5  6  7  8  9 10 11 12 13 14 15 16 |
---------------+-------------------------------------------------+-----
Spellcasting   | 3 4 6 8 |  8.0
Ice Magic      | 2 3 6 8 |  8.0
Stealth        | 6 8 10 12 17 | 17.0
Invocations    | 3 4 6 8 10 | 10.0
Fighting       | 3 6 7 10 12 | 12.0
Short Blades   | 3 6 10 | 10.0
Dodging        | 6 10 12 | 12.0
Hexes          | 6 8 |  8.0
Air Magic      | 2 3 |  3.0
Translocations | 3 |  3.0
Fire Magic     | 5 7 |  7.7
Evocations     | 8 |  8.0
Conjurations   | 1 5 |  5.6

Action                     |  1- 3 |  4- 6 |  7- 9 | 10-12 | 13-15 | 16-18 || total
---------------------------+-------+-------+-------+-------+-------+-------++-------
  Melee: Dagger            |    70 |   103 |   152 |   322 |   912 |   216 ||  1775
         Punch             |       |     1 |     1 |     3 |     3 |       ||     8
         Short sword       |       |       |       |       |    53 |       ||    53
  Throw: Dart              |       |       |       |       |     1 |       ||     1
   Cast: Ensorcelled Hiber |    14 |    40 |    75 |   132 |   361 |   104 ||   726
         Confusing Touch   |       |       |     2 |    16 |    39 |     4 ||    61
         Tukima's Dance    |       |       |       |     5 |     1 |       ||     6
         Dazzling Flash    |       |       |       |     5 |     1 |       ||     6
         Blink             |       |       |       |       |     4 |       ||     4
         Volatile Blastmot |       |       |       |       |     1 |     1 ||     2
         Swiftness         |       |       |       |       |     1 |       ||     1
 Invoke: Heal Other        |       |       |     2 |     5 |    19 |       ||    26
         Heal Self         |       |       |       |     1 |     1 |       ||     2
         Purification      |       |       |       |     1 |       |       ||     1
  Evoke: Wand              |       |       |       |     7 |     4 |       ||    11
    Use: Scroll            |       |    10 |     8 |     6 |     9 |     1 ||    34
   Stab: Sleeping          |    23 |    37 |    58 |   111 |   260 |    56 ||   545
         Confused          |       |       |     1 |    14 |    39 |     3 ||    57
         Distracted        |       |       |       |     1 |     5 |     8 ||    14
 Armour: Robe              |    12 |    10 |    20 |       |       |    47 ||    89
         Steam dragon scal |       |       |    38 |    86 |   220 |     4 ||   348
  Dodge: Dodged            |    39 |    54 |    83 |   262 |   802 |   185 ||  1425
  Block: Buckler           |       |       |       |       |    87 |    32 ||   119

Table legend: (Time is in decaauts)
 A = Elapsed time spent in this place.
 B = Non-inter-level travel time spent in this place.
 C = Inter-level travel time spent in this place.
 D = Time resting spent in this place.
 E = Time spent auto-exploring this place.
 F = Levels seen in this place.
 G = Mean time per level.
                   A        B        C        D        E       F      G
               +--------+--------+--------+--------+--------+-----+--------+
         Total |  32662 |  30632 |   2030 |   8633 |  14923 |  25 | 1306.5 |
       Dungeon |  19610 |  18369 |   1241 |   4884 |   9749 |  15 | 1307.3 |
        Temple |     56 |     56 |      0 |      0 |     44 |   1 |   56.0 |
          Lair |   8757 |   8197 |    560 |   2845 |   3837 |   5 | 1751.4 |
     Snake Pit |    975 |    975 |      0 |    281 |    320 |   1 |  975.0 |
  Orcish Mines |   3119 |   2891 |    228 |    623 |    973 |   2 | 1559.5 |
      Gauntlet |    143 |    143 |      0 |      0 |      0 |   1 |  143.0 |
               +--------+--------+--------+--------+--------+-----+--------+

Top non-repeatable levels by time:
   Orc:2: 2368 daAuts
  Lair:5: 2225 daAuts
  Lair:2: 2151 daAuts
     D:7: 1969 daAuts
     D:8: 1866 daAuts
  Lair:1: 1746 daAuts
  Lair:4: 1620 daAuts
    D:10: 1576 daAuts
    D:14: 1557 daAuts
    D:12: 1512 daAuts
     D:9: 1511 daAuts
    D:11: 1461 daAuts
     D:5: 1352 daAuts
    D:13: 1342 daAuts
     D:2: 1235 daAuts
